 Dungeon Crawl Stone Soup version 0.17-a0-2028-g5c22979 (webtiles) character file.

214 Ace the Agent of Entropy (level 5, -2/42 HPs)
             Began as a Demonspawn Abyssal Knight on Oct 10, 2015.
             Was a Priest of Lugonu.
             Slain by Edmund
             ... wielding a +0 dire flail
              (10 damage)
             ... on level 4 of the Dungeon.
             The game lasted 00:08:44 (2456 turns).

Ace the Agent of Entropy (DsAK)                     Turns: 2456, Time: 00:08:44

Health: -2/42      AC: 11    Str: 14    XL:     5   Next: 60%
Magic:  8/8        EV:  6    Int: 13    God:    Lugonu [***...]
Gold:   167        SH:  2    Dex: 12    Spells: 0 memorised, 4 levels left

rFire  + . .     SeeInvis .     a - +1 hand axe
rCold  . . .     Clarity  .     m - +0 chain mail
rNeg   . . .     SustAt   .     (no shield)
rPois  .         Gourm    .     (no helmet)
rElec  .         Spirit   .     (no cloak)
rCorr  .         Warding  .     (no gloves)
rMut   .         Stasis   .     (no boots)
MR     +....                    (no amulet)
Stlth  ..........               (no ring)
                                i - ring of protection from magic

@: somewhat resistant to hostile enchantments, extremely unstealthy
A: large bone plates 1, fire resistance 1, powered by death 1
a: Depart the Abyss, Bend Space, Banish, Renounce Religion


You were on level 4 of the Dungeon.
You worshipped Lugonu.
Lugonu was most pleased with you.
You were not hungry.

You visited 1 branch of the dungeon, and saw 4 of its levels.
You visited the Abyss 1 time.

You collected 167 gold pieces.

Inventory:

Hand Weapons
 a - a +1 hand axe (weapon)
Armour
 b - a +0 leather armour
 m - a +0 chain mail (worn)
Jewellery
 i - a ring of protection from magic (left hand)
Scrolls
 d - a scroll of fog {unknown}
 e - 2 scrolls of identify {unknown}
 f - 3 scrolls of enchant weapon
 g - a scroll of fear {unknown}
 k - a scroll of remove curse {unknown}
 n - a scroll of teleportation {unknown}
 o - a scroll of enchant armour {unknown}
Potions
 j - 2 potions of flight {unknown}
 l - 2 potions of curing
 q - a potion of agility {unknown}
Comestibles
 c - 2 bread rations
 h - 4 meat rations


   Skills:
 + Level 3.9 Fighting
 + Level 2.9 Axes
 + Level 2.8 Armour
 + Level 2.2 Dodging
 + Level 4.0 Invocations


You had 4 spell levels left.
You didn't know any spells.

Dungeon Overview and Level Annotations

Branches:
Dungeon (4/15)
 Temple: D:4-7

Altars:
Dithmenos

Annotations:
D:4 Edmund


Innate Abilities, Weirdness & Mutations

You are partially covered in large bone plates (AC +2, SH +2).
Your flesh is heat resistant.
You regenerate a little health from kills.


Message History

Edmund hits you with a dire flail!
Your chain mail prevents you from hitting Edmund.
Edmund is moderately wounded.
Edmund hits you with a dire flail!
You hit Edmund but do no damage.
Edmund is moderately wounded.
Edmund hits you with a dire flail.
* * * LOW HITPOINT WARNING * * *
You hit Edmund.
Edmund is moderately wounded.
Edmund hits you but does no damage.
You hit Edmund but do no damage.
Edmund is moderately wounded.
You block Edmund's attack.
Use which ability?
Okay, then.
Unknown command.
It was a potion of magic.
Magic courses through your body. Edmund hits you with a dire flail!
You die...

..## ..## ###.#. .....
####... # ## #.(....
..##.######.#########...
.......................>
#.#@@..#.#####.....#.
.###..#.#####.#####. #.
#........#.## #.
#.##...........# #. #
#....#.#.#.#.#.## #.
##..#.#.............# #.
........#.#.#.#.#.#.# #.
##.####.............# ##
.........#....#.########


You could see Edmund.

Vanquished Creatures
  2 orc wizards (D:4)
  Jessica (D:2)
  An orc priest (D:4)
  A river rat (D:4)
  3 adders
  An ooze (D:3)
  3 worms (D:2)
  2 orcs (D:4)
  2 ball pythons
  6 goblins
  7 hobgoblins
  7 kobolds
  3 quokkas
  9 bats
  4 giant cockroaches
  5 giant newts
  6 rats
63 creatures vanquished.

Notes
Turn   | Place    | Note
--------------------------------------------------------------
     0 | Abyss:1  | Ace the Demonspawn Abyssal Knight began the quest for the Orb.
     0 | Abyss:1  | Reached XP level 1. HP: 18/18 MP: 2/2
    17 | D:1      | Escaped the Abyss
   169 | D:1      | Gained mutation: You are partially covered in large bone plates (AC +2, SH +2). [demonic ancestry]
   169 | D:1      | Reached XP level 2. HP: 13/24 MP: 3/3
   451 | D:1      | Acquired Lugonu's second power
   602 | D:1      | Reached skill level 1 in Dodging
   952 | D:2      | Gained mutation: You regenerate a little health from kills. [demonic ancestry]
   952 | D:2      | Reached XP level 3. HP: 21/29 MP: 4/4
  1329 | D:2      | Noticed Jessica
  1343 | D:2      | Killed Jessica
  1343 | D:2      | Gained mutation: Your flesh is heat resistant. [demonic ancestry]
  1343 | D:2      | Reached XP level 4. HP: 12/35 MP: 6/6
  1589 | D:3      | Acquired Lugonu's third power
  1643 | D:3      | Found a faded altar to an unknown god.
  2261 | D:4      | Reached XP level 5. HP: 17/42 MP: 7/7
  2369 | D:4      | Found a shadowy altar of Dithmenos.
  2419 | D:4      | Reached skill level 4 in Invocations
  2442 | D:4      | Noticed Edmund
  2456 | D:4      | Slain by Edmund

Vault maps used:
D:1:      grunt_arrival_lava_bath, grunt_decor_one_mirror
D:2:      moated_statue, uniq_jessica
D:3:      ecumenical_altar_2, moated_statue, hangedman_decor_peaks_small
D:4:      minmay_temple_entry_glassed_door, portal_sewer_entry_b, serial_shops,
          nicolae_shop_temple_entry_statues_fountains, nicolae_zen_rock_garden,
          kennysheep_cross_room, minmay_misc_feat_pillars,
          grunt_dithmenos_smoke, uniq_crazy_yiuf_cottage, uniq_grinder,
          uniq_edmund
Abyss:1:  evilmike_abyss_exit_plants

Action                   |  1- 3 |  4- 6 || total
-------------------------+-------+-------++-------
Melee: Hand axe          |   100 |    98 ||   198
       War axe           |    17 |     4 ||    21
  Use: Scroll            |       |     1 ||     1
       Potion            |       |     3 ||     3
  Eat: Chunk             |     1 |     2 ||     3
       Bread ration      |       |     1 ||     1
